 Dungeon Crawl Stone Soup version 0.18-a0-1805-g8ab820f (webtiles) character file.

8122 warlockg3 the Blocker (level 11, -3/67 HPs)
             Began as a Gargoyle Fighter on Apr 26, 2016.
             Was an Elder of Cheibriados.
             Slain by a red devil
             ... wielding a cursed -2 trident
             ... summoned by an orc high priest
              (5 damage)
             ... on level 2 of the Orcish Mines.
             The game lasted 01:12:15 (12548 turns).

warlockg3 the Blocker (Gargoyle Fighter)           Turns: 12548, Time: 01:12:15

Health: -3/67      AC: 38    Str: 34    XL:     11   Next: 25%
Magic:  14/18      EV:  8    Int: 18    God:    Cheibriados [****..]
Gold:   579        SH: 13    Dex: 19    Spells: 2 memorised, 17 levels left

rFire  + . .     SeeInvis .     m - +3 mace (protect)
rCold  . . .     Gourm    .     F - +5 plate armour {MR+}
rNeg   + . .     Faith    .     c - +0 shield
rPois  ∞         Spirit   .     (no helmet)
rElec  +         Dismiss  +     g - +1 cloak
rCorr  .         Reflect  .     d - +0 pair of gloves
SustAt .         Harm     .     v - +2 pair of boots of the Assassin {DetectMon Stab+ Stlth++}
MR     +....                    e - amulet of dismissal
Stlth  +.........               f - -2 ring of evasion (curse)
                                r - ring of protection from fire

@: very slightly contaminated, invisible, very slow, somewhat resistant to
hostile enchantments, very unstealthy
A: camouflage 1, negative energy resistance 1, electricity resistance,
unbreathing, petrification resistance, rot immunity, AC +7
a: Bend Time, Temporal Distortion, Slouch, Renounce Religion


You were on level 2 of the Orcish Mines.
You worshipped Cheibriados.
Cheibriados was greatly pleased with you.
You were not hungry.

You visited 3 branches of the dungeon, and saw 12 of its levels.
You also visited: Sewer.

You collected 1177 gold pieces.
You spent 598 gold pieces at shops.

Inventory:

Hand Weapons
 a - a +0 long sword of flaming
 m - a +3 mace of protection (weapon)
 n - a +2 whip of draining
 D - a +2 whip of flaming
Armour
 c - a +0 shield (worn)
 d - a +0 pair of gloves (worn)
 g - a +1 cloak (worn)
 t - a +3 plate armour
 v - the +2 pair of boots of the Assassin (worn) {DetectMon Stab+ Stlth++}
   (You acquired it on level 7 of the Dungeon)

   It makes you much more stealthy.
 F - a +5 plate armour of magic resistance (worn)
Jewellery
 e - an amulet of dismissal (around neck)
 f - a cursed -2 ring of evasion (right hand)
 h - an uncursed ring of flight
 j - a +3 ring of intelligence
 k - an uncursed ring of protection from cold
 r - a ring of protection from fire (left hand)
 y - an uncursed ring of see invisible
 E - an uncursed ring of ice
Wands
 u - a wand of slowing (2/48)
 x - a wand of slowing (35/48)
Scrolls
 q - 2 scrolls of identify
 z - a scroll of magic mapping
 B - 4 scrolls of recharging
 G - a scroll of amnesia
 H - a scroll of immolation
Books
 o - a book of Battle

   Spells                             Type                      Level
   a - Infusion                       Charms                       1
   b - Shroud of Golubria             Charms/Translocation         2
   c - Song of Slaying                Charms                       2
   d - Spectral Weapon                Hexes/Charms                 3
   e - Regeneration                   Charms/Necromancy            3
Comestibles
 l - 3 beef jerkies
 s - 6 bread rations
 A - 2 slices of pizza
 C - a meat ration


   Skills:
 * Level 7.1 Fighting
   Level 2.2(4.5) Axes
 * Level 6.8(7.0) Maces & Flails
 * Level 8.1 Armour
 + Level 5.0 Dodging
 - Level 0.5 Stealth
 + Level 8.6 Shields
 * Level 5.3 Spellcasting
 * Level 5.2 Charms
 * Level 2.1 Invocations


You had 17 spell levels left.
You knew the following spells:

 Your Spells              Type           Power        Failure   Level  Hunger
a - Infusion              Chrm           ###.         21%         1    None
b - Song of Slaying       Chrm           ###.....     34%         2    #......


Dungeon Overview and Level Annotations

Branches:
Dungeon (9/15)             Temple (1/1) D:5             Orc (2/2) D:9
    Elf (0/3) Orc:2
   Lair: D:8-11

Altars:
Ashenzari
Cheibriados
Dithmenos
Elyvilon
Fedhas
Gozag
Kikubaaqudgha
Makhleb
Nemelex Xobeh
Okawaru
Pakellas
Qazlal
Ru
Sif Muna
Trog
Vehumet
Xom
Yredelemnul
Zin
The Shining One
Beogh

Shops:
D:8 [

Annotations:
D:3 warlockg3's ghost, amateur GrFi
D:8 1 runed door


Innate Abilities, Weirdness & Mutations

You are resistant to torment.
Your stone body is resilient (AC +7).
You are immune to poison.
You resist negative energy.
You are resistant to electric shocks.
You can survive without breathing.
You are immune to petrification.
You are immune to rotting.
Your skin changes colour to match your surroundings (Stealth).


Message History

You block the orc high priest's attack. You block the orc knight's attack.
The orc warrior hits you with a scimitar!
* * * LOW HITPOINT WARNING * * *
The red devil closely misses you.
The orc warrior hits you with a long sword!
* * * LOW HITPOINT WARNING * * *
An orc priest comes into view.
Read which item? (? for menu, Esc to quit)
As you read the scroll of fear, it crumbles to dust.
You assume a fearsome visage.
The orc warrior looks frightened!
The orc knight looks frightened!
The orc high priest looks frightened!
The orc warrior looks frightened!
The orc sorcerer looks frightened!
The orc warrior looks frightened!
The orc priest looks frightened!
The orc priest shouts!
The rust devil is unaffected.
The red devil is unaffected.
The ice devil is unaffected.
The ynoxinul is unaffected.
The ufetubus is unaffected.
The orc high priest prays to Beogh.
The red devil hits you from afar with a trident.
You die...

##.... . ....##
..#####.... ##
.....8..#.##.## #
..............#.#
......5..3o......
...o3444o........
.....8ooo@..#
..#####.#o......#
####...#.## #...#
#.## ##


You could see an orc knight (fleeing), a soul eater, an orc high priest
(fleeing), an ice devil, a rust devil, a ynoxinul, an orc sorcerer (fleeing), a
red devil, 3 orc warriors, an orc priest (fleeing) and an ufetubus.

Vanquished Creatures
  The ghost of SkaryMonk the Covert, a novice OpAs of Nemelex Xobeh (D:8)
  The ghost of bollicks1999 the Covert, a novice OpAs of Dithmenos (D:7)
  Pikel (D:7)
  An orc knight (Orc:1)
  An orc sorcerer (Orc:1)
  A troll (Orc:1)
  A two-headed ogre (D:9)
  The ghost of eljoo the Digger, an amateur FoEE of Ashenzari (D:5)
  A warg (Orc:1)
  2 vampire mosquitoes (D:9)
  A hungry ghost (D:8)
  11 orc warriors
  A sky beast (D:7)
  An ice beast (D:9)
  2 phantoms
  A black bear (D:6)
  12 ogres
  3 giant frogs
  A wyvern skeleton (D:8)
  A water moccasin skeleton (D:7)
  2 scorpions (D:5)
  3 howler monkeys (D:8)
  An electric eel (D:9)
  5 crimson imps
  A giant frog zombie (D:7)
  A jelly (D:5)
  3 hounds (D:7)
  16 orc priests
  11 orc wizards
  Jessica (D:3)
  3 iguanas
  8 worker ants
  Natasha (thrice) (D:2)
  A hound skeleton (D:7)
  2 mummies
  A worker ant zombie (D:9)
  2 gnolls (D:5)
  17 adders
  3 river rats (D:9)
  3 shadow imps
  9 oozes
  4 adder skeletons
  A worm (D:2)
  3 dart slugs
  17 giant geckos
  53 orcs
  12 bats
  14 giant cockroaches
  7 goblins
  8 hobgoblins
  8 jackals
  3 quokkas
  12 ball pythons
  14 giant newts
  2 hobgoblin zombies (D:6)
  A jackal skeleton (D:9)
  2 kobolds
  2 orc zombies (D:6)
  18 rats
  A withered plant (D:6)
323 creatures vanquished.

Vanquished Creatures (others)
  2 slaves (D:7)
  A fungus (D:9)
  A plant (D:6)
4 creatures vanquished.

Grand Total: 327 creatures vanquished

Notes
Turn   | Place    | Note
--------------------------------------------------------------
     0 | D:1      | warlockg3 the Gargoyle Fighter began the quest for the Orb.
     0 | D:1      | Reached XP level 1. HP: 14/14 MP: 1/1
    37 | D:1      | Reached XP level 2. HP: 17/19 MP: 2/2
   177 | D:1      | Reached XP level 3. HP: 17/23 MP: 3/3
  1114 | D:2      | Noticed Natasha
  1128 | D:2      | Killed Natasha
  1128 | D:2      | Reached XP level 4. HP: 13/28 MP: 4/4
  1309 | D:2      | Found a bloodstained altar of Trog.
  1498 | D:2      | Noticed Natasha
  1516 | D:2      | Killed Natasha
  1516 | D:2      | Reached skill level 1 in Dodging
  1528 | D:2      | Noticed Natasha
  1542 | D:2      | Killed Natasha
  1542 | D:2      | Reached XP level 5. HP: 3/32 MP: 5/5
  2271 | D:3      | Noticed Jessica
  2271 | D:3      | Noticed warlockg3's ghost (amateur GrFi)
  2446 | D:2      | Learned a level 1 spell: Infusion
  2733 | D:3      | Killed Jessica
  2989 | D:3      | Reached skill level 1 in Maces & Flails
  3428 | D:4      | Found a glowing drain.
  3447 | Sewer    | Entered a sewer
  3505 | Sewer    | Reached XP level 6. HP: 30/38 MP: 6/6
  3696 | Sewer    | Reached skill level 5 in Shields
  3909 | Sewer    | Reached skill level 1 in Charms
  3932 | Sewer    | Reached skill level 1 in Spellcasting
  3937 | Sewer    | Reached XP level 7. HP: 23/42 MP: 8/8
  4720 | D:4      | Found a sparkling altar of Nemelex Xobeh.
  4720 | D:4      | Found a glowing golden altar of the Shining One.
  4896 | D:5      | Entered Level 5 of the Dungeon
  5399 | D:5      | Found an iron altar of Okawaru.
  5538 | D:5      | Reached XP level 8. HP: 48/48 MP: 11/11
  5699 | D:5      | Found a staircase to the Ecumenical Temple.
  5704 | Temple   | Entered the Ecumenical Temple
  5928 | D:5      | Found an iron altar of Okawaru.
  5929 | D:5      | Noticed eljoo's ghost (amateur FoEE)
  5958 | D:5      | Killed eljoo's ghost
  5958 | D:5      | Reached skill level 5 in Armour
  6031 | D:5      | Found a snail-covered altar of Cheibriados.
  6066 | D:5      | Became a worshipper of Cheibriados the Contemplative
  6474 | D:6      | Found a shadowy altar of Dithmenos.
  6589 | D:6      | Reached * piety under Cheibriados
  6733 | D:6      | Reached skill level 5 in Fighting
  6909 | D:6      | Found a blossoming altar of Fedhas.
  6909 | D:6      | Found an ancient bone altar of Kikubaaqudgha.
  7036 | D:7      | Reached XP level 9. HP: 54/54 MP: 13/13
  7040 | D:7      | Gained mutation: Your skin changes colour to match your surroundings (Stealth). [mutagenic meat]
  7318 | D:7      | Found a radiant altar of Vehumet.
  7386 | D:7      | Noticed bollicks1999's ghost (novice OpAs)
  7421 | D:7      | Identified a scroll of acquirement
  7539 | D:7      | Reached ** piety under Cheibriados
  7571 | D:7      | Noticed Pikel
  7607 | D:7      | Killed Pikel
  7768 | D:7      | Found a snail-covered altar of Cheibriados.
  7839 | D:7      | Killed bollicks1999's ghost
  7863 | D:7      | Found a bloodstained altar of Trog.
  8530 | D:8      | Found a sacrificial altar of Ru.
  8848 | D:8      | Noticed SkaryMonk's ghost (novice OpAs)
  8849 | D:8      | Reached skill level 5 in Maces & Flails
  8888 | D:8      | Reached *** piety under Cheibriados
  9037 | D:8      | Killed SkaryMonk's ghost
  9037 | D:8      | Reached XP level 10. HP: 60/60 MP: 16/16
  9041 | D:8      | Learned a level 2 spell: Song of Slaying
  9061 | D:8      | Found a runed door.
  9061 | D:8      | Found a white marble altar of Elyvilon.
  9061 | D:8      | Noticed an angel
  9285 | D:8      | Found Taac's Antique Armour Shoppe.
  9536 | D:8      | Bought a shiny plate armour for 598 gold pieces
  9636 | D:9      | Found a stormy altar of Qazlal.
  9731 | D:9      | Reached **** piety under Cheibriados
 10415 | D:9      | Found a shimmering altar of Xom.
 10532 | D:9      | Found a staircase to the Orcish Mines.
 10654 | Orc:1    | Entered Level 1 of the Orcish Mines
 10709 | Orc:1    | Noticed an orc sorcerer
 10710 | Orc:1    | Noticed an orange demon
 10722 | Orc:1    | Killed an orc sorcerer
 10967 | Orc:2    | Entered Level 2 of the Orcish Mines
 10988 | Orc:1    | Reached ***** piety under Cheibriados
 11126 | Orc:2    | Found a roughly hewn altar of Beogh.
 11201 | Orc:2    | Found a staircase to the Elven Halls.
 11224 | Orc:2    | Noticed an orc knight
 11243 | Orc:1    | Reached XP level 11. HP: 50/66 MP: 15/18
 11252 | Orc:1    | Reached skill level 1 in Invocations
 11265 | Orc:1    | Reached skill level 5 in Charms
 11405 | Orc:1    | Reached skill level 5 in Spellcasting
 11729 | Orc:1    | Killed an orc knight
 12387 | Orc:1    | Reached skill level 5 in Dodging
 12535 | Orc:2    | Noticed an orc warlord
 12538 | Orc:2    | Noticed an orc sorcerer
 12539 | Orc:2    | Noticed an orc knight
 12539 | Orc:2    | Noticed an orc high priest
 12539 | Orc:2    | Noticed an orc sorcerer
 12539 | Orc:2    | Noticed a sixfirhy
 12547 | Orc:2    | HP: 2/67 [orc warrior/long sword (15)]
 12548 | Orc:2    | Slain by a red devil

Vault maps used:
D:1:      dpeg_arrival_radiant
D:2:      serial_forest, infiniplex_forest_straight_3,
          infiniplex_forest_lined_4_way, infiniplex_forest_end_3,
          infiniplex_forest_corner_1, infiniplex_forest_lined_corner,
          trog_three_pillars_becter, uniq_natasha
D:3:      first_bread, uniq_jessica
D:4:      gammafunk_temple_overflow_statue, portal_sewer_entry_a
D:5:      old_standard_altar, cheibriados_altar_wand_db, temple_doors_d,
          basic_altar, hangedman_minor_gate_pass
D:6:      grunt_temple_overflow_growth_and_decay,
          nicolae_dithmenos_shadow_blocks, nicolae_water_bricks,
          minmay_mini_ossuary
D:7:      nicolae_overflow_crystal_walls, fiery_altar_vehumet, grunt_ogre_cave,
          chei_slow_surprise, uniq_pikel
D:8:      nicolae_ru_sacrificial_ziggurat, serial_shops, shop_statue,
          lemuel_angel_altar
D:9:      kennysheep_mini, marbit_many_paths, grunt_lair_entry_orc_guard_hut,
          erik_orc_2
Temple:   jpeg_temple_alley_garden_8
Orc:2:    grunt_orc_cross, basic_altar
Sewer:    sewer_frog_island_02

Skill      XL: |  1  2  3  4  5  6  7  8  9 10 11 |
---------------+----------------------------------+-----
Axes           | 2 |  2.2
Shields        | 4 5 6 7 8 |  8.6
Armour         | 4 5 7 8 |  8.1
Dodging        | 1 2 3 4 5 |  5.0
Maces & Flails | 1 2 3 5 6 |  6.8
Charms         | 1 2 4 5 |  5.2
Spellcasting   | 1 2 3 4 5 |  5.3
Fighting       | 4 5 6 7 |  7.1
Invocations    | 2 |  2.1
Stealth        | |  0.5

Action                   |  1- 3 |  4- 6 |  7- 9 | 10-12 || total
-------------------------+-------+-------+-------+-------++-------
Melee: War axe           |    64 |       |       |       ||    64
       Whip              |    53 |   146 |       |       ||   199
       Mace              |       |   383 |   749 |   460 ||  1592
Invok: Bend Time         |       |       |     1 |       ||     1
       Slouch            |       |       |       |     3 ||     3
  Use: Potion            |     3 |     3 |     6 |     4 ||    16
       Scroll            |     2 |     5 |     6 |    10 ||    23
 Stab: Sleeping          |       |       |     5 |     1 ||     6
  Eat: Bread ration      |       |     3 |     2 |     1 ||     6
       Meat ration       |       |       |     1 |       ||     1
       Fruit             |       |       |     2 |       ||     2
       Chunk             |       |       |     1 |       ||     1
       Beef jerky        |       |       |       |     3 ||     3
Armor: Scale mail        |    53 |   380 |   407 |    25 ||   865
       Skin              |       |       |    34 |       ||    34
       Plate armour      |       |       |       |   316 ||   316
Dodge: Dodged            |    31 |   210 |   231 |   170 ||   642
Block: Shield            |    54 |   348 |   460 |   467 ||  1329
